 Dungeon Crawl Stone Soup version 0.31-a0-876-gfe8ebadbca (webtiles) character file.

Game seed: 18197256331660976649

51 Azuregosa the Covert (level 3, -7/26 HPs)
             Began as an Octopode Delver on Oct 13, 2023.
             Succumbed to Terence's poison
             ... on level 3 of the Dungeon.
             The game lasted 00:06:49 (866 turns).

Azuregosa the Covert (Octopode Delver)               Turns: 866, Time: 00:06:49

Health: -7/26      AC:  1    Str: 11    XL:     3   Next: 83%
Magic:  3/3        EV: 13    Int: 14    God:
Gold:   78         SH:  0    Dex: 13    Spells: 2/2 levels left

rFire   . . .        g - +0 spear
rCold   . . .        (no shield)
rNeg    . . .        (helmet restricted)
rPois   .            (no amulet)
rElec   .            (no ring)
rCorr   .            (no ring)
SInv    .            (no ring)
Will    .....        (no ring)
Stlth   +++++        (no ring)
HPRegen 0.24/turn    (no ring)
MPRegen 0.08/turn    (no ring)
                     (no ring)

%: no passive effects
@: lethally poisoned (-7 -> -46)
A: almost no armour, amphibious, 8 rings, camouflage 1, gelatinous body 1,
(nimble swimmer 1), tentacles
a: no special abilities


You were on level 3 of the Dungeon.
You visited 1 branch of the dungeon, and saw 5 of its levels.

You collected 78 gold pieces.

Inventory:

Hand Weapons
 a - a +0 mace
 g - a +0 spear (weapon)
Missiles
 l - 2 poisoned darts
Wands
 d - a wand of polymorph (11)
 f - a wand of digging (3)
 h - a wand of flame (14)
Scrolls
 b - a scroll of fog
 k - 4 scrolls of identify {unknown}
 m - a scroll of enchant weapon {unknown}
 p - a scroll of poison {unknown}
Potions
 c - a potion of mutation {unknown}
 e - a potion of haste
 i - a potion of curing {unknown}
 j - a potion of degeneration {unknown}
 n - a potion of resistance {unknown}
 o - a potion of berserk rage {unknown}


   Skills:
 - Level 3.0 Fighting
 - Level 2.0 Maces & Flails
 - Level 2.0 Dodging
 + Level 8.4 Stealth


You had 2 spell levels left.
You didn't know any spells.
Your spell library contained the following spells:

 Spells                   Type           Power      Damage    Failure   Level
 Slow                     Hex            0%         N/A       28%         1
 Confusing Touch          Hex            0%         N/A       65%         3
 Sigil of Binding         Hex            0%         N/A       65%         3
 Vampiric Draining        Necr           0%         2d6       65%         3


Dungeon Overview and Level Annotations

Branches:
Dungeon (6/15)
 Temple: D:4-7

Altars:
Elyvilon
Trog
Yredelemnul

Annotations:
D:2 Robin
D:3 Terence


Innate Abilities, Weirdness & Mutations

You cannot wear most types of armour.
You are amphibious.
You can wear up to eight rings at the same time.
Your skin changes colour to match your surroundings (Stealth+).
Your rubbery body absorbs attacks. (AC +1, EV +1)
((You are camouflaged when in or above water. (Stealth+)))
You have tentacles for arms and can constrict up to eight enemies at once.


Message History

The bat completely misses you. The bat hits you but does no damage.
You see here a quokka corpse.
You barely miss the bat. Your grab misses the bat. You tentacle-slap the bat.
The bat is moderately wounded.
The bat hits you but does no damage. The bat closely misses you.
The bat misses you.
You hit the bat. Your grab misses the bat. You squeeze the bat.
You kill the bat!
Found a scroll labelled NOSEFI MICE.
k - 4 scrolls labelled NOSEFI MICE (gained 1)
Found an escape hatch in the floor.
You open the door.
Found 2 stones.
There is an open door here.
You open the door.
Terence the Incautious comes into view.
He is wielding a +2 morningstar of venom.
There is an open door here.
The helpless Terence fails to defend himself.
You hit Terence but do no damage. Your grab misses Terence.
Your squeeze misses Terence. Terence closely misses you.
You barely miss Terence. You grab Terence. You squeeze Terence.
Terence is lightly wounded.
You constrict Terence.
Terence hits you with a +2 morningstar of venom!
You are poisoned.
You hit Terence.
Terence is moderately wounded.
You constrict Terence, but do no damage.
You feel very sick.
Terence hits you with a +2 morningstar of venom!
Ouch! That really hurt!
* * * LOW HITPOINT WARNING * * *
You are more poisoned.
Okay, then.
Okay, then.
You completely miss Terence.
Terence is moderately wounded.
You constrict Terence, but do no damage.
You die...

######## #......# #......#
#####..$...# #..(#@.....#
######...#@.....#
#....'...'......# ###
#.####...#......# #######..
#.####...####+#............
#....#...# #########.#
####.##### ........#.# #.#
#.........# #.# #.#####.###
#.# #.##


You could see Terence.

Vanquished Creatures
  Ijyb (D:3)
  An orc (D:5)
  An endoplasm (D:3)
  6 goblins
  2 hobgoblins
  A quokka (D:3)
  5 ball pythons
  2 bats
  A frilled lizard (D:2)
  A kobold (D:4)
  A kobold skeleton (D:5)
  2 rats
24 creatures vanquished.

Vanquished Creatures (others)
  A human (D:5)
  A jelly (D:5)
  An orc wizard (D:5)
  An orc (D:5)
4 creatures vanquished.

Grand Total: 28 creatures vanquished

Notes
Turn   | Place    | Note
-------+----------+-------------------------------------------
     0 | D:5      | Azuregosa the Octopode Delver began the quest for the Orb.
     0 | D:5      | Reached XP level 1. HP: 16/16 MP: 1/1
    31 | D:5      | Found a runed translucent door.
    31 | D:5      | Noticed a human
    35 | D:5      | Found a basalt altar of Yredelemnul.
    73 | D:5      | Noticed an orc wizard
   110 | D:5      | Identified the +2 robe "Xadadd" {rC+ Str+4 Int+5 Dex-2}
   128 | D:5      | Killed an orc wizard
   138 | D:5      | Killed a jelly
   139 | D:5      | Noticed an iguana
   140 | D:5      | Killed a human
   143 | D:5      | Noticed a hound
   172 | D:5      | Noticed an ogre
   197 | D:4      | Reached skill level 7 in Stealth
   236 | D:4      | Reached XP level 2. HP: 21/21 MP: 2/2
   255 | D:4      | Found a white marble altar of Elyvilon.
   469 | D:3      | Noticed Ijyb
   495 | D:3      | Killed Ijyb
   496 | D:3      | Reached skill level 8 in Stealth
   496 | D:3      | Reached XP level 3. HP: 12/26 MP: 3/3
   672 | D:2      | Noticed Robin
   798 | D:3      | Found a bloodstained altar of Trog.
   861 | D:3      | Noticed Terence
   866 | D:3      | Succumbed to Terence's poison

Illustrated notes

Levels and vault maps discovered:
D:2:      layout_basic, basic_altar, uniq_robin
D:3:      layout_basic, mainiacjoe_overflow_alcove_1, uniq_ijyb, uniq_terence
D:4:      layout_loops_corners, mainiacjoe_overflow_six_doors_small,
          nicolae_hepliaklqana_hazy_memory, minmay_temple_entry_butterflies
D:5:      layout_loops_ring, dk_yredelemnul_ordeal
D:6:      layout_basic, serial_shops, kennysheep_little_box,
          hangedman_abyss_or_decor_passed

Skill      XL: |  1  2 |
---------------+-------+-----
Stealth        | 7 8 |  8.4
Fighting       | |  3.0
Maces & Flails | |  2.0
Dodging        | |  2.0

Action                     || total
---------------------------++-------
  Melee: Spear             ||    57
         Tentacles         ||    13
         Constrict         ||    12
         Punch             ||     2
    Use: Scroll            ||     2
   Stab: Sleeping          ||     8
 Armour: Skin              ||    30
  Dodge: Dodged            ||    37

Table legend: (Time is in decaauts)
 A = Elapsed time spent in this place.
 B = Non-inter-level travel time spent in this place.
 C = Inter-level travel time spent in this place.
 D = Time resting spent in this place.
 E = Time spent auto-exploring this place.
 F = Levels seen in this place.
 G = Mean time per level.
                   A        B        C        D        E       F      G
               +--------+--------+--------+--------+--------+-----+--------+
         Total |    870 |    870 |      0 |     68 |    205 |   5 |  174.0 |
       Dungeon |    870 |    870 |      0 |     68 |    205 |   5 |  174.0 |
               +--------+--------+--------+--------+--------+-----+--------+

Top non-repeatable levels by time:
     D:3: 429 daAuts
     D:4: 184 daAuts
     D:5: 178 daAuts
     D:2: 76 daAuts
     D:6: 1 daAuts
